 Dungeon Crawl Stone Soup version 0.25.1-2-g60ff931df9 (webtiles) character file.

Game seed: 2936090562174614545

54 DearestLeader the Chopper (level 3, 0/31 HPs)
             Began as a Hill Orc Monk on Nov 13, 2020.
             Killed from afar by a white imp (1 damage)
             ... with a puff of frost
             ... summoned by Natasha
             ... on level 2 of the Dungeon.
             The game lasted 00:03:13 (1682 turns).

DearestLeader the Chopper (Hill Orc Monk)           Turns: 1682, Time: 00:03:15

Health: 0/31       AC: 10    Str: 14    XL:     3   Next: 91%
Magic:  3/3        EV:  7    Int: 10    God:
Gold:   38         SH:  0    Dex: 13    Spells: 2/2 levels left

rFire    . . .     SeeInvis .   a - +0 hand axe
rCold    . . .     Gourm    .   (no shield)
rNeg     . . .     Faith    .   j - +0 chain mail
rPois    .         Spirit   .   e - +0 helmet
rElec    .         Reflect  .   (no cloak)
rCorr    .         Harm     .   i - +0 pair of gloves
MR       .....                  (no boots)
Stlth    ..........             (no amulet)
HPRegen  0.10/turn              (no ring)
MPRegen  0.08/turn              (no ring)

@: no status effects
A: no striking features
a: no special abilities


You were on level 2 of the Dungeon.
You were not hungry.

You visited 1 branch of the dungeon, and saw 2 of its levels.

You collected 38 gold pieces.

Inventory:

Hand Weapons
 a - a +0 hand axe (weapon)
Armour
 e - a +0 helmet (worn)
 i - a +0 pair of gloves (worn)
 j - a +0 chain mail (worn)
Scrolls
 d - a scroll of enchant weapon {unknown}
 f - a scroll of immolation
Potions
 h - a potion of brilliance {unknown}
Comestibles
 c - 3 rations


   Skills:
 - Level 3.6 Fighting
 * Level 5.8 Axes
 + Level 1.5 Armour
 - Level 2.4 Dodging
 - Level 1.5 Stealth


You had 2 spell levels left.
You didn't know any spells.
Your spell library was empty.

Dungeon Overview and Level Annotations

Branches:
Dungeon (2/15)

Altars:
Cheibriados

Annotations:
D:2 Natasha


Message History

Natasha is moderately wounded.
You hit the white imp but do no damage.
Natasha stares at you and mumbles some strange words.
The magic dart hits you. The white imp hits you. The white imp freezes you.
You hit Natasha.
Natasha is heavily wounded.
You barely miss the white imp.
Your chain mail prevents you from hitting the white imp.
Natasha barely misses you. The white imp hits you. The white imp freezes you.
The white imp gestures at you. The puff of frost hits you!
* * * LOW HITPOINT WARNING * * *
It was a potion of curing.
You feel better. Natasha claws you.
* * * LOW HITPOINT WARNING * * *
The white imp gestures at you. The puff of frost hits you.
* * * LOW HITPOINT WARNING * * *
The white imp gestures at you. The puff of frost hits you.
You die...

#....................
#.....#.###.####.....
#####.#.<.....##.....
##########.#..##.#.##.....
#..........##.##.#.##.....
#................# ...#...
#..............#.#####....
#######.......h......#.#
#....
#............55@####...#
#.... .'.............5.#
##... .#...............#
#...# #...............#
#.>.# #.......#########
##### #.......# #.......#
........#


You could see Natasha and 3 white imps.

Vanquished Creatures
  2 adders (D:2)
  2 oozes (D:2)
  3 dart slugs
  3 goblins
  2 hobgoblins (D:1)
  A quokka (D:2)
  3 bats (D:2)
  2 frilled lizards (D:2)
  2 kobolds
  6 rats
26 creatures vanquished.

Notes
Turn   | Place    | Note
-------+----------+-------------------------------------------
     0 | D:1      | DearestLeader the Hill Orc Monk began the quest for the
                  | Orb.
     0 | D:1      | Reached XP level 1. HP: 19/19 MP: 1/1
   292 | D:1      | Reached XP level 2. HP: 26/26 MP: 2/2
   746 | D:2      | Reached skill level 5 in Axes
  1297 | D:2      | Found a snail-covered altar of Cheibriados.
  1304 | D:2      | Reached XP level 3. HP: 28/31 MP: 3/3
  1367 | D:2      | Reached skill level 1 in Armour
  1662 | D:2      | Noticed Natasha
  1682 | D:2      | HP: 1/31 [white imp/puff of frost[Natasha] (6)]
  1682 | D:2      | Killed from afar by a white imp

Illustrated notes

Levels and vault maps discovered:
D:1:      lightli_arrival_quake, layout_basic, minmay_misc_feat_diagonals,
          minmay_misc_feat_tiny
D:2:      layout_basic, first_ration, minmay_fountain_box,
          kennysheep_slug_shrine, uniq_natasha

Skill      XL: |  1  2  3 |
---------------+----------+-----
Axes           | 5 |  5.8
Armour         | 1 |  1.5
Fighting       | |  3.6
Dodging        | |  2.4
Stealth        | |  1.5

Action                   || total
-------------------------++-------
Melee: Hand axe          ||   104
Throw: Stone             ||     6
  Use: Scroll            ||     3
       Potion            ||     1
 Stab: Sleeping          ||     1
  Eat: Chunk             ||     2
Armor: Robe              ||     2
       Ring mail         ||    17
       Chain mail        ||    30
Dodge: Dodged            ||    43
